 Dungeon Crawl Stone Soup version 0.17-a0-2069-g0f4ee5b (webtiles) character file.

171 BlindIo the Covert (level 5, -6/26 HPs)
             Began as a Spriggan Assassin on Sept 29, 2015.
             Mangled by MordorOrchid's ghost (13 damage)
             ... on level 4 of the Dungeon on Oct 13, 2015.
             The game lasted 00:25:11 (3536 turns).

BlindIo the Covert (Spriggan Assassin)              Turns: 3536, Time: 00:25:12

Health: -6/26      AC:  3    Str: 12    XL:     5   Next: 26%
Magic:  6/6        EV: 19    Int: 13    God:
Gold:   112        SH:  0    Dex: 18    Spells: 0 memorised, 4 levels left

rFire  . . .     SeeInvis +     a - +2 dagger
rCold  . . .     Clarity  .     j - +0 robe
rNeg   . . .     SustAt   +     (shield restricted)
rPois  .         Gourm    .     (helmet restricted)
rElec  .         Spirit   .     d - +0 cloak
rCorr  .         Warding  .     (gloves unavailable)
rMut   .         Stasis   .     (boots unavailable)
MR     .....                    (no amulet)
Stlth  ++++......               (no ring)
                                l - ring of sustain attributes

@: mighty, very quick, not resistant to hostile enchantments, stealthy
A: unfitting armour, fangs 1, see invisible, herbivore 3, speed 3, slow
metabolism 2
a: no special abilities


You were on level 4 of the Dungeon.
You were not hungry.

You visited 1 branch of the dungeon, and saw 4 of its levels.

You collected 112 gold pieces.

Inventory:

Hand Weapons
 a - a +2 dagger (weapon)
 b - a +0 blowgun
 f - a +0 short sword of protection
 h - a +0 short sword
Missiles
 o - 2 poisoned needles
Armour
 c - a +0 robe
 d - a +0 cloak (worn)
 j - a +0 robe (worn)
Jewellery
 l - a ring of sustain attributes (left hand)
Scrolls
 i - a scroll of fog {unknown}
 k - 3 scrolls of teleportation
 m - 5 scrolls of identify
 n - 6 scrolls of remove curse
 s - a scroll of immolation {unknown}
Potions
 e - a potion of brilliance
Comestibles
 g - 2 bread rations


   Skills:
 - Level 1.7 Fighting
 * Level 3.0 Short Blades
 + Level 2.9 Throwing
 + Level 3.5 Dodging
 + Level 8.0 Stealth


You had 4 spell levels left.
You didn't know any spells.

Dungeon Overview and Level Annotations

Branches:
Dungeon (4/15)
 Temple: D:4-7

Altars:

Annotations:
D:4 MordorOrchid's ghost, amateur OpIE


Innate Abilities, Weirdness & Mutations

You are tiny and cannot use many weapons and most armour.
You have supernaturally acute eyesight.
You are a herbivore.
You cover ground extremely quickly.
You need consume almost no food.
You have very sharp teeth.


Message History

The hound barks!
You puncture MordorOrchid's ghost!
MordorOrchid's ghost is heavily damaged.
MordorOrchid's ghost casts a spell at you.
You are frozen.
You barely miss MordorOrchid's ghost.
MordorOrchid's ghost is heavily damaged.
You closely miss MordorOrchid's ghost.
MordorOrchid's ghost is heavily damaged.
MordorOrchid's ghost hits you! MordorOrchid's ghost burns you.
* * * LOW HITPOINT WARNING * * *
You closely miss MordorOrchid's ghost.
MordorOrchid's ghost is heavily damaged.
MordorOrchid's ghost hits you but does no damage.
The hound completely misses you.
You barely miss MordorOrchid's ghost.
MordorOrchid's ghost is heavily damaged.
MordorOrchid's ghost hits you!
Ouch! That really hurt!
You die...

#...# #...# ###
.######...###.o.
................
........>......
...............
#<..# #.h.#
#@..# #W..#
#...# ....#
#....# .###.# ..
.# #. .#


You could see a hound, MordorOrchid's ghost and an orc (wandering).

Vanquished Creatures
  An orc priest (D:3)
  An orc wizard (D:3)
  An adder (D:3)
  An ooze (D:2)
  5 giant geckos
  12 orcs (D:3)
  3 giant cockroaches
  6 goblins
  11 hobgoblins
  12 jackals
  2 quokkas
  9 bats
  13 giant newts
  6 kobolds
  8 rats
91 creatures vanquished.

Notes
Turn   | Place    | Note
--------------------------------------------------------------
     0 | D:1      | BlindIo the Spriggan Assassin began the quest for the Orb.
     0 | D:1      | Reached XP level 1. HP: 10/10 MP: 2/2
    10 | D:1      | Reached skill level 6 in Stealth
   136 | D:1      | Reached XP level 2. HP: 14/14 MP: 3/3
   811 | D:2      | Reached XP level 3. HP: 18/18 MP: 4/4
  1005 | D:2      | Reached skill level 7 in Stealth
  1665 | D:3      | Reached XP level 4. HP: 22/22 MP: 5/5
  2045 | D:3      | Upgraded the game from 0.17-a0-1939-ga475588 to 0.17-a0-2014-g32cd421
  2157 | D:3      | Reached XP level 5. HP: 20/26 MP: 6/6
  2187 | D:3      | Upgraded the game from 0.17-a0-2014-g32cd421 to 0.17-a0-2069-g0f4ee5b
  2469 | D:3      | Gained mutation: You are dopey. (Int -2) [potion of mutation]
  2469 | D:3      | Lost mutation: You are dopey. (Int -2) [potion of mutation]
  2469 | D:3      | Gained mutation: You have very sharp teeth. [potion of mutation]
  3036 | D:3      | Reached skill level 8 in Stealth
  3051 | D:4      | Noticed MordorOrchid's ghost (amateur OpIE)
  3062 | D:4      | HP: 1/26 [MordorOrchid's ghost/puff of frost (11)]
  3536 | D:4      | Mangled by MordorOrchid's ghost

Vault maps used:
D:1:      sevenhm_arrival_forest_fort_small_6, minmay_lizard_king
D:2:      first_bread
D:3:      minmay_door_path
D:4:      nemelex_xobeh_ov_fountains_minmay, grunt_temple_overflow_diamond

Action                   |  1- 3 |  4- 6 || total
-------------------------+-------+-------++-------
Melee: Dagger            |    90 |   154 ||   244
 Fire: Blowgun           |    47 |     8 ||    55
  Use: Potion            |     4 |     6 ||    10
       Scroll            |     2 |     3 ||     5
 Stab: Sleeping          |    36 |    12 ||    48
       Distracted        |     1 |       ||     1
